 Dungeon Sprint DCSS version 0.22-a0-608-g8a62e23 (webtiles) character file.

106828 TheOrbIsALie the Merfolkian Porcupine (level 16, -2/154 HPs)
             Began as a Merfolk Berserker on July 9, 2018.
             Was the Champion of Trog.
             Slain by a golden dragon (7 damage)
             ... in the Dungeon (Sprint III: "The Ten Rune Challenge").
             The game lasted 00:30:26 (7812 turns).

TheOrbIsALie the Merfolkian Porcupine (MfBe)        Turns: 7812, Time: 00:30:27

Health: -2/154     AC: 19    Str: 28    XL:     16   Next: 9%
Magic:  16/16      EV: 37    Int:  8    God:    Trog [******]
Gold:   918        SH:  0    Dex: 18    Spells: 15/15 levels left

rFire    . . .     SeeInvis .   s - +4 halberd of Aparo {drain, rN+}
rCold    . . .     Gourm    .   (shield currently unavailable)
rNeg     + + .     Faith    .   F - +6 ring mail "Boew" {rN+ Str+3}
rPois    .         Spirit   .   w - +2 hat
rElec    .         Reflect  .   (no cloak)
rCorr    .         Harm     .   r - +0 pair of gloves {Str+3}
MR       ++...     NoTele   +   (boots currently unavailable)
Stlth    +++++++++.             (no amulet)
HPRegen  0.35/turn              G - +4 ring of protection
MPRegen  0.15/turn              (no ring)

@: berserk cooldown, slowed, quick
A: change form in water, swift swim, stealthy swim, clever 1, magic resistance
1, strong 1
}: 1/10 runes: barnacled
a: Berserk, Trog's Hand, Brothers in Arms, Renounce Religion


You were in the Dungeon.
You worshipped Trog.
Trog was exalted by your worship.
You were very hungry.

You visited 1 branch You collected 1626 gold pieces.
You spent 708 gold pieces at shops.

Inventory:

Hand Weapons
 a - a +0 blowgun
 s - the +4 halberd of Aparo (weapon) {drain, rN+}
   (Trog gifted it to you in the Dungeon)

   A truly terrible weapon, it drains the life of those it strikes.
   It protects you from negative energy.
 u - a +4 glaive of venom
 x - a +4 antimagic glaive
 y - a +2 halberd of chopping
 z - a +6 antimagic halberd
 A - a +3 antimagic bardiche
 C - a +2 glaive of venom
 H - a +4 halberd of pain
 I - a +0 halberd of flaming
 J - a +5 antimagic demon trident
 K - a +3 antimagic glaive
 L - a +2 antimagic glaive
 M - a +1 antimagic glaive
 O - a +8 antimagic spear
 Q - a +1 trident of freezing
 R - a +4 bardiche of chopping
 Y - the +7 halberd of the Onslaught {venom, SInv, unknown}
   (Trog gifted it to you in the Dungeon)

   It poisons the flesh of those it strikes.
   It lets you see invisible.
Missiles
 q - 7 curare-tipped needles
Armour
 b - a +0 animal skin
 j - a +0 ring mail
 r - a +0 pair of gloves of strength (worn)
 w - a +2 hat (worn)
 B - +0 fire dragon scales
 F - the +6 ring mail "Boew" (worn) {rN+ Str+3}
   (You bought it in a shop in the Dungeon)

   It affects your strength (+3).
   It protects you from negative energy.
 P - a +0 large shield of reflection
 S - quicksilver dragon scales
 W - a +2 large shield of reflection
 X - a +1 large shield of positive energy
Jewellery
 G - a +4 ring of protection (left hand)
 T - an uncursed ring of protection from fire
Wands
 D - a wand of clouds (2)
 N - a wand of flame (27)
Scrolls
 i - a scroll of blinking
 l - a scroll of holy word {unknown}
 m - 4 scrolls of identify
 o - a scroll of immolation {unknown}
 p - 4 scrolls of remove curse
 E - a scroll of enchant armour {unknown}
 V - a scroll of acquirement
Potions
 d - a potion of curing
 e - 4 potions of heal wounds
 f - 2 potions of haste
 g - 6 potions of magic
 h - a potion of berserk rage
 k - 3 potions of mutation
 n - a potion of resistance
 t - a potion of agility {unknown}
 v - a potion of invisibility {unknown}
 U - 3 potions of flight
Comestibles
 c - 19 rations


   Skills:
 - Level 22.1 Fighting
 O Level 27 Polearms
 - Level 7.0 Armour
 - Level 22.9 Dodging
 - Level 22.7 Stealth
 + Level 20.0 Shields


You had 15 spell levels left.
You didn't know any spells.
Your spell library was empty.

Dungeon Overview and Level Annotations

Branches:
Dungeon (1/1)

Altars:
Cheibriados
Dithmenos
Elyvilon
Fedhas
Gozag
Hepliaklqana
Kikubaaqudgha
Makhleb
Nemelex Xobeh
Okawaru
Qazlal
Ru
Sif Muna
Trog
Uskayaw
Vehumet
Wu Jian
Xom
Yredelemnul
Zin
The Shining One
Beogh
Jiyva
Lugonu

Shops:
D (%=!!%%}?*[=!}%((::}

Annotations:
D Mara


Innate Abilities, Weirdness & Mutations

You revert to your normal form in water.
You are very nimble and swift while swimming.
You are very stealthy in the water. (Stealth+)
Your mind is acute. (Int +2)
You are resistant to hostile enchantments. (MR+)
Your muscles are strong. (Str +2)


Message History

Unknown command.
You slice the titan!! You drain the titan!
The titan is almost dead.
The titan casts a spell.
The titan is healed somewhat.
The golden dragon breathes cold at you. The bolt of cold misses you.
Your cyclops hits the titan!!
Unknown command.
You slice the titan!!
You kill the titan!
Trog accepts your kill.
Trog appreciates your killing of a magic user.
Your Shields skill increases to level 20!
You are engulfed in freezing vapours.
* * * LOW HITPOINT WARNING * * *
The golden dragon bites you!
* * * LOW HITPOINT WARNING * * *
The golden dragon completely misses you.
The golden dragon tramples you!
You die...

#############
......'pC≈@≈#
....#≈uD≈≈# .
#.≈)≈≈# #.)≈§§#
#≈§§≈§# #§§§§§#
#§§§§§# #§§...#
#################'#


You could see a golden dragon, a vault guard, a white ugly thing and a friendly
cyclops (berserk).

Vanquished Creatures
  Boris (D)
  Frederick (D)
  2 liches (D)
  4 titans (D)
  Rupert (D)
  A quicksilver dragon (D)
  Gastronok (D)
  Harold (D)
  A kraken (D)
  2 shadow dragons (D)
  Chuck (D)
  2 dire elephants (D)
  An ogre mage (D)
  A mummy priest (D)
  A yaktaur captain (D)
  2 hydras (D)
  3 fire dragons (D)
  15 vault guards (D)
  3 centaur warriors (D)
  Erica (D)
  3 alligator snapping turtles (D)
  4 dancing weapons (D)
  4 death yaks (D)
  An iron golem (D)
  A titan zombie (D)
  Urug (D)
  4 hell knights (D)
  A shadow wraith (D)
  A golden dragon zombie (D)
  A spriggan druid (D)
  5 skeletal warriors (D)
  An anaconda zombie (D)
  A death drake (D)
  An unseen horror (D)
  An obsidian statue (D)
  A swamp dragon (shapeshifter) (D)
  An orange crystal statue (D)
  Joseph (D)
  A lindwurm (shapeshifter) (D)
  6 deep elf magi (D)
  A lindwurm (D)
  An orc knight (D)
  3 ugly things (D)
  4 crystal guardians (D)
  2 oklob plants (D)
  An orc sorcerer (D)
  A faun (shapeshifter) (D)
  An elephant (shapeshifter) (D)
  A moth of wrath (shapeshifter) (D)
  2 black mambas (D)
  2 elephants (D)
  A water nymph (shapeshifter) (D)
  4 statues (D)
  2 spiny frogs (D)
  A komodo dragon (D)
  A rime drake (D)
  3 wandering mushrooms (D)
  A queen bee (D)
  4 spriggan defenders (D)
  2 tyrant leeches (D)
  2 orc high priests (D)
  8 blink frogs (D)
  8 slime creatures (D)
  3 hornets (D)
  3 snapping turtles (D)
  A redback (shapeshifter) (D)
  A shadow (D)
  3 redbacks (D)
  2 spriggans (D)
  A spatial vortex (D)
  An iron troll simulacrum (D)
  3 hydra simulacra (D)
  An orc warrior (D)
  A swamp drake (D)
  A hell hound (D)
  A necrophage (D)
  2 centaurs (D)
  An earth elemental (D)
  A water elemental (D)
  32 killer bees (D)
  An electric eel (D)
  A wizard (D)
  A jelly (D)
  5 orc priests (D)
  2 necromancers (D)
  4 orc wizards (D)
  3 humans (D)
  A kobold demonologist (D)
  A phantom (D)
  8 orcs (D)
  4 rats (D)
  4 plants (D)
234 creatures vanquished.

Vanquished Creatures (others)
  2 draconian scorchers (D)
  A hydra (D)
  3 yaktaurs (D)
  6 hellions (D)
  A bush (D)
  10 plants (D)
  4 tentacles (D)
27 creatures vanquished.

Grand Total: 261 creatures vanquished

Notes
Turn   | Place    | Note
-------+----------+-------------------------------------------
     0 | D        | TheOrbIsALie the Merfolk Berserker began the quest for the Orb.
     0 | D        | Reached XP level 1. HP: 18/18 MP: 1/1
    27 | D        | Reached ** piety under Trog
    65 | D        | Reached skill level 6 in Polearms
    65 | D        | Reached XP level 2. HP: 26/26 MP: 2/2
    69 | D        | Reached skill level 5 in Fighting
    69 | D        | Reached XP level 3. HP: 33/33 MP: 3/3
    85 | D        | Gained mutation: You are resistant to hostile enchantments. (MR+) [potion of mutation]
    85 | D        | Gained mutation: Your muscles are strong. (Str +2) [potion of mutation]
    85 | D        | Gained mutation: Your mind is acute. (Int +2) [potion of mutation]
   141 | D        | Noticed a water elemental
   150 | D        | Killed a water elemental
   150 | D        | Reached *** piety under Trog
   150 | D        | Reached skill level 8 in Polearms
   150 | D        | Reached XP level 4. HP: 37/41 MP: 4/4
   150 | D        | Killed a hellion
   150 | D        | Killed a hellion
   151 | D        | Killed a hellion
   151 | D        | Killed a hellion
   152 | D        | Killed a hellion
   167 | D        | Killed a white draconian scorcher
   223 | D        | Killed a yaktaur
   224 | D        | Killed a white draconian scorcher
   225 | D        | Killed a hellion
   264 | D        | Found a hide-covered altar of Uskayaw.
   264 | D        | Found a roughly hewn altar of Beogh.
   264 | D        | Found an iron altar of Okawaru.
   264 | D        | Found a bloodstained altar of Trog.
   264 | D        | Found an ornate altar of the Wu Jian Council.
   264 | D        | Noticed a human
   264 | D        | Noticed a human
   271 | D        | Killed a six-headed hydra
   273 | D        | Killed a human
   273 | D        | Reached skill level 11 in Polearms
   273 | D        | Reached skill level 5 in Dodging
   273 | D        | Reached skill level 1 in Stealth
   273 | D        | Reached XP level 5. HP: 51/51 MP: 5/5
   273 | D        | Reached XP level 6. HP: 57/57 MP: 6/6
   285 | D        | Killed a human
   285 | D        | Reached skill level 13 in Polearms
   479 | D        | Found a glowing silver altar of Zin.
   479 | D        | Found a glowing golden altar of the Shining One.
   479 | D        | Found a white marble altar of Elyvilon.
   479 | D        | Noticed a deep elf mage
   492 | D        | Killed a deep elf mage
   492 | D        | Reached **** piety under Trog
   492 | D        | Reached skill level 10 in Fighting
   492 | D        | Reached skill level 15 in Polearms
   492 | D        | Reached XP level 7. HP: 46/67 MP: 7/7
   578 | D        | Found a radiant altar of Vehumet.
   579 | D        | Found a deep blue altar of Sif Muna.
   579 | D        | Found an ancient bone altar of Kikubaaqudgha.
   581 | D        | Noticed a red devil
   587 | D        | Reached XP level 8. HP: 75/75 MP: 8/8
   622 | D        | Found a basalt altar of Yredelemnul.
   622 | D        | Found a shadowy altar of Dithmenos.
   622 | D        | Found a sacrificial altar of Ru.
   625 | D        | Reached ***** piety under Trog
   625 | D        | Reached skill level 5 in Armour
   637 | D        | Killed a yaktaur
   642 | D        | Killed a yaktaur
   752 | D        | Noticed a shadow
   756 | D        | Killed a shadow
   756 | D        | Received a gift from Trog
   756 | D        | Reached skill level 16 in Polearms
   757 | D        | Got an iridescent halberd {god gift}
   758 | D        | Identified the +4 halberd of Aparo {drain, rN+} (Trog gifted it to you in the Dungeon)
   841 | D        | Found a blossoming altar of Fedhas.
   841 | D        | Found a stormy altar of Qazlal.
   841 | D        | Found a snail-covered altar of Cheibriados.
   841 | D        | Found a burning altar of Makhleb.
   841 | D        | Found a shimmering altar of Xom.
   842 | D        | Found a hazy altar of Hepliaklqana.
   842 | D        | Found an opulent altar of Gozag.
   842 | D        | Found a sparkling altar of Nemelex Xobeh.
   842 | D        | Found a corrupted altar of Lugonu.
   842 | D        | Found a viscous altar of Jiyva.
   859 | D        | Noticed Erica
   863 | D        | Killed Erica
   863 | D        | Reached skill level 17 in Polearms
   863 | D        | Reached XP level 9. HP: 83/83 MP: 9/9
  1023 | D        | Noticed a centaur warrior
  1034 | D        | Killed a centaur warrior
  1034 | D        | Received a gift from Trog
  1034 | D        | Reached skill level 18 in Polearms
  1176 | D        | Killed an unseen horror
  1176 | D        | Reached skill level 19 in Polearms
  1176 | D        | Reached skill level 5 in Stealth
  1176 | D        | Reached XP level 10. HP: 62/93 MP: 10/10
  1337 | D        | Received a gift from Trog
  1337 | D        | Reached skill level 10 in Dodging
  1346 | D        | Noticed a spiny frog
  1346 | D        | Noticed a spiny frog
  1357 | D        | Killed a spiny frog
  1357 | D        | Reached skill level 20 in Polearms
  1362 | D        | Killed a spiny frog
  1405 | D        | Received a gift from Trog
  1421 | D        | Reached ****** piety under Trog
  1515 | D        | Noticed a lindwurm
  1519 | D        | Killed a lindwurm
  1519 | D        | Reached skill level 15 in Fighting
  1644 | D        | Noticed Urug
  1654 | D        | Killed Urug
  1654 | D        | Reached skill level 21 in Polearms
  1654 | D        | Reached XP level 11. HP: 103/103 MP: 11/11
  1702 | D        | Received a gift from Trog
  1706 | D        | Received a gift from Trog
  1831 | D        | Noticed a dire elephant
  1831 | D        | Noticed a dire elephant
  1831 | D        | Noticed Gastronok
  1859 | D        | Killed a dire elephant
  1859 | D        | Reached skill level 10 in Stealth
  1867 | D        | Killed Gastronok
  1867 | D        | Reached skill level 22 in Polearms
  2031 | D        | Killed a dire elephant
  2355 | D        | Received a gift from Trog
  2387 | D        | Received a gift from Trog
  2531 | D        | Received a gift from Trog
  2548 | D        | Reached XP level 12. HP: 61/114 MP: 12/12
  2566 | D        | Received a gift from Trog
  2896 | D        | Received a gift from Trog
  2905 | D        | Received a gift from Trog
  2905 | D        | Reached skill level 15 in Dodging
  2906 | D        | Reached skill level 23 in Polearms
  2917 | D        | Found Onan's Distillery.
  2919 | D        | Received a gift from Trog
  2979 | D        | Received a gift from Trog
  3013 | D        | Noticed a deep elf high priest
  3037 | D        | Noticed a deep elf high priest
  3038 | D        | Noticed a deep elf demonologist
  3039 | D        | Noticed a sun demon
  3039 | D        | Noticed a deep elf annihilator
  3040 | D        | Noticed a deep elf master archer
  3042 | D        | Noticed an Ice Fiend
  3193 | D        | Noticed Harold
  3193 | D        | Noticed Joseph
  3199 | D        | Killed Harold
  3203 | D        | Killed Joseph
  3203 | D        | Reached skill level 24 in Polearms
  3313 | D        | Noticed a soul eater
  3325 | D        | Received a gift from Trog
  3467 | D        | Noticed a yaktaur captain
  3468 | D        | Noticed a yaktaur captain
  3510 | D        | Noticed Rupert
  3518 | D        | Killed Rupert
  3582 | D        | Noticed a death yak
  3583 | D        | Noticed a death yak
  3588 | D        | Noticed a death yak
  3589 | D        | Killed a death yak
  3593 | D        | Noticed a death yak
  3594 | D        | Killed a death yak
  3594 | D        | Reached skill level 25 in Polearms
  3603 | D        | Killed a death yak
  3603 | D        | Reached XP level 13. HP: 59/126 MP: 4/13
  3608 | D        | Received a gift from Trog
  3835 | D        | Noticed an azure jelly
  3835 | D        | Noticed an azure jelly
  3838 | D        | Noticed an azure jelly
  3937 | D        | Noticed a kraken
  3955 | D        | Killed a kraken
  3955 | D        | Received a gift from Trog
  3955 | D        | Reached skill level 26 in Polearms
  4344 | D        | Found Puf Pax's Food Boutique.
  4344 | D        | Found Covun's Antique Weapon Shoppe.
  4344 | D        | Found Xutim's Jewellery Shop.
  4352 | D        | Got a barnacled rune of Zot
  4358 | D        | Bought a ration for 50 gold pieces
  4358 | D        | Bought a ration for 50 gold pieces
  4358 | D        | Bought a ration for 50 gold pieces
  4358 | D        | Bought a ration for 50 gold pieces
  4358 | D        | Bought a ration for 50 gold pieces
  4358 | D        | Bought a ration for 50 gold pieces
  4358 | D        | Bought a ration for 50 gold pieces
  4358 | D        | Bought a ration for 50 gold pieces
  4572 | D        | Noticed a fire dragon
  4579 | D        | Killed a fire dragon
  4579 | D        | Received a gift from Trog
  4579 | D        | Reached skill level 27 in Polearms
  4582 | D        | Noticed a fire dragon
  4591 | D        | Killed a fire dragon
  4888 | D        | Found a blossoming altar of Fedhas.
  4889 | D        | Paralysed by a spriggan for 4 turns
  4897 | D        | Received a gift from Trog
  5188 | D        | Received a gift from Trog
  5193 | D        | Noticed a fire dragon
  5199 | D        | Killed a fire dragon
  5404 | D        | Reached XP level 14. HP: 111/139 MP: 4/14
  5524 | D        | Received a gift from Trog
  5554 | D        | Found Besurash's Antique Weapon Shop.
  5554 | D        | Found Wopy's Gadget Shoppe.
  5554 | D        | Found Zin Kamy's Gadget Emporium.
  5554 | D        | Found Okabled's Jewellery Boutique.
  5554 | D        | Found Qiebo's Food Emporium.
  5554 | D        | Found Helory's Book Shop.
  5554 | D        | Found Mogiss's Distillery.
  5554 | D        | Found Arpho Zam's Antique Armour Shoppe.
  5554 | D        | Found Qekliox's Book Emporium.
  5554 | D        | Found Xam Nassuo's Assorted Antiques.
  5554 | D        | Found Bofreala's Antique Weapon Boutique.
  5554 | D        | Found Dihapt's Magic Scroll Emporium.
  5575 | D        | Bought a potion of lignification for 33 gold pieces
  5575 | D        | Bought a potion of degeneration for 11 gold pieces
  5578 | D        | Bought a pair of glowing gloves for 120 gold pieces
  5578 | D        | Bought a twisted ring mail for 144 gold pieces
  5593 | D        | Identified the +6 ring mail "Boew" {rN+ Str+3} (You bought it in a shop in the Dungeon)
  5718 | D        | Received a gift from Trog
  5740 | D        | Reached skill level 15 in Stealth
  5764 | D        | Noticed Boris
  5789 | D        | Killed Boris
  5789 | D        | Received a gift from Trog
  5989 | D        | Found Hejitem's Distillery.
  5989 | D        | Found Zoenaapn's Food Shop.
  5989 | D        | Found Teluemeg's Food Shop.
  5989 | D        | Found Leptag's Gadget Shoppe.
  6125 | D        | Received a gift from Trog
  6312 | D        | Received a gift from Trog
  6336 | D        | Noticed a vampire knight
  6336 | D        | Noticed Mara
  6336 | D        | Noticed a vampire knight
  6424 | D        | Received a gift from Trog
  6629 | D        | Received a gift from Trog
  6668 | D        | Received a gift from Trog
  6806 | D        | Noticed a lich
  6816 | D        | Killed a lich
  6863 | D        | Noticed Chuck
  6875 | D        | Killed Chuck
  6875 | D        | Reached XP level 15. HP: 113/146 MP: 5/15
  6976 | D        | Noticed Frederick
  6977 | D        | Received a gift from Trog
  6993 | D        | Killed Frederick
  7040 | D        | Noticed a lich
  7049 | D        | Killed a lich
  7062 | D        | Received a gift from Trog
  7076 | D        | Noticed a shadow dragon
  7080 | D        | Noticed a shadow dragon
  7095 | D        | Killed a shadow dragon
  7109 | D        | Killed a shadow dragon
  7109 | D        | Reached skill level 10 in Shields
  7175 | D        | Received a gift from Trog
  7183 | D        | Noticed a titan
  7186 | D        | Noticed a titan
  7248 | D        | Received a gift from Trog
  7265 | D        | Noticed a quicksilver dragon
  7266 | D        | Killed a titan
  7266 | D        | Reached skill level 15 in Shields
  7270 | D        | Killed a quicksilver dragon
  7318 | D        | Noticed a titan
  7613 | D        | Received a gift from Trog
  7614 | D        | Got a warped halberd {god gift}
  7743 | D        | Killed a titan
  7784 | D        | Killed a titan
  7784 | D        | Received a gift from Trog
  7784 | D        | Reached XP level 16. HP: 112/154 MP: 16/16
  7789 | D        | Noticed a golden dragon
  7793 | D        | Noticed a titan
  7812 | D        | Killed a titan
  7812 | D        | HP: 5/154 [golden dragon (7)]
  7812 | D        | Slain by a golden dragon

Vault maps used:
D:        dungeon_sprint_mu

Skill      XL: |  1  2  3  4  5  6  7  8  9 10 11 12 13 14 15 16 |
---------------+-------------------------------------------------+-----
Dodging        | 3 4 5 7 8 9 12 14 16 19 22 | 22.9
Fighting       | 4 5 6 8 10 11 12 13 15 17 19 21 22 | 22.1
Polearms       | 6 8 11 15 17 19 21 22 25 27 | 27.0
Armour         | 2 3 4 6 7 |  7.0
Stealth        | 1 3 5 8 11 12 13 21 22 | 22.7
Shields        | 19 20 | 20.0

Action                   |  1- 3 |  4- 6 |  7- 9 | 10-12 | 13-15 | 16-18 || total
-------------------------+-------+-------+-------+-------+-------+-------++-------
Melee: Spear             |    26 |    31 |    20 |       |       |       ||    77
       Halberd           |       |       |    33 |   268 |   186 |    24 ||   511
       Tailslap          |       |       |     3 |    12 |    13 |     5 ||    33
       Bardiche          |       |       |       |    56 |   312 |       ||   368
Invok: Berserk           |     2 |     1 |     4 |     5 |     8 |       ||    20
       Brothers in Arms  |       |       |       |       |       |     1 ||     1
  Use: Potion            |     1 |       |       |       |       |       ||     1
       Scroll            |       |       |       |       |     1 |       ||     1
 Stab: Sleeping          |     1 |       |     2 |     6 |    27 |       ||    36
       Confused          |       |       |       |     1 |       |       ||     1
       Distracted        |       |       |       |     1 |     5 |       ||     6
  Eat: Ration            |       |       |     1 |     1 |     5 |       ||     7
       Chunk             |       |       |     4 |     9 |     3 |       ||    16
Armor: Ring mail         |       |     1 |     5 |    20 |    38 |     3 ||    67
Dodge: Dodged            |     9 |     5 |    15 |   169 |   182 |    27 ||   407

Table legend:
 A = Spawn XP
 B = Non-spawn XP
 C = Spawn XP percentage of total XP
 D = Spawn monster count
 E = Non-spawn monster count
 F = Spawn count percentage of total count
 G = Total turns spent on level
                    A         B        C        D         E        F      G
               +---------+---------+-------+---------+---------+-------+---------
         Total |       0 |  134041 |   0.0 |       0 |     230 |   0.0 |  7812
               +---------+---------+-------+---------+---------+-------+---------
             D |       0 |  134041 |   0.0 |       0 |     230 |   0.0 |  7812
               +---------+---------+-------+---------+---------+-------+---------
